 Dungeon Crawl Stone Soup version 0.30-a0-23-ge60ba3568b (webtiles) character file.

Game seed: 10288246611887527542

269 Setbun the Cudgeller (level 6, -3/51 HPs)
             Began as a Minotaur Fighter on Aug 25, 2022.
             Slain by an orc
             ... wielding a +0 trident
              (5 damage)
             ... on level 4 of the Dungeon.
             The game lasted 00:02:34 (3247 turns).

Setbun the Cudgeller (Minotaur Fighter)             Turns: 3247, Time: 00:02:35

Health: -3/51      AC: 13    Str: 23    XL:     6   Next: 1%
Magic:  5/5        EV:  6    Int: 11    God:
Gold:   165        SH:  4    Dex:  9    Spells: 5/5 levels left

rFire   . . .      SeeInvis .    a - +0 flail
rCold   . . .      Faith    .    c - +0 buckler
rNeg    . . .      Spirit   .    k - +0 plate armour
rPois   .          Reflect  .    (helmet restricted)
rElec   .          Harm     .    s - +0 cloak
rCorr   .          Rampage  .    j - +0 pair of gloves
Will    +....                    (no boots)
Stlth   ..........               (no amulet)
HPRegen 0.17/turn                e - ring of willpower
MPRegen 0.09/turn                i - +6 ring of intelligence

@: flying
A: horns 2, retaliatory headbutt
a: no special abilities


You were on level 4 of the Dungeon.
You visited 1 branch of the dungeon, and saw 4 of its levels.

You collected 165 gold pieces.

Inventory:

Hand Weapons
 a - a +0 flail (weapon)
Armour
 c - a +0 buckler (worn)
 j - a +0 pair of gloves (worn)
 k - a +0 plate armour (worn)
 s - a +0 cloak (worn)
Jewellery
 e - a ring of willpower (left hand)
 i - a +6 ring of intelligence (right hand)
Scrolls
 b - a scroll of fear {unknown}
 g - 3 scrolls of identify {unknown}
 h - 3 scrolls of teleportation {unknown}
 l - a scroll of silence {unknown}
 m - a scroll of vulnerability {unknown}
 n - a scroll of enchant armour {unknown}
 o - a scroll of blinking {unknown}
 p - a scroll of magic mapping {unknown}
 q - a scroll of poison {unknown}
 t - a scroll of summoning {unknown}
Potions
 d - a potion of might


   Skills:
 - Level 3.6 Fighting
 + Level 7.6 Maces & Flails
 - Level 3.6 Armour
 - Level 3.6 Shields


You had 5 spell levels left.
You didn't know any spells.
Your spell library contained the following spells:

 Spells                   Type           Power      Damage    Failure   Level
 Summon Lightning Spire   Summ/Air       0%         N/A       100%        4
 Storm Form               Tmut/Air       0%         N/A       100%        7
 Maxwell's Capacitive Co  Air            0%         ∞         100%        8


Dungeon Overview and Level Annotations

Branches:
Dungeon (4/15)
 Temple: D:4-7

Altars:
Cheibriados
Fedhas
Kikubaaqudgha


Innate Abilities, Weirdness & Mutations

You have a pair of horns on your head.
You reflexively headbutt those who attack you in melee.


Message History

The orc attacks as you move away! The orc hits you but does no damage. x2
The orc attacks as you move away! The orc barely misses you.
You hit the orc.
The orc is heavily wounded.
The orc hits you with a +0 hand axe.
You closely miss the orc. You headbutt the orc.
The orc is almost dead.
The orc priest mumbles some strange prayers to Beogh against you.
Beogh smites you!
* * * LOW HITPOINT WARNING * * *
The orc hits you with a +0 hand axe.
* * * LOW HITPOINT WARNING * * *
Unknown command.
Unknown command.
Unknown command.
It was a potion of flight.
You feel very buoyant.
You fly up into the air.
The orc hits you but does no damage.
It was a potion of curing.
You feel better. The orc hits you but does no damage.
You sock the orc!
You kill the orc!
You have reached level 6!
You barely miss the orc.
The orc is severely wounded.
The orc hits you but does no damage. x2
You sock the orc!
You kill the orc!
You block the orc's attack.
You barely miss the orc. Your headbutt misses the orc.
The orc hits you but does no damage. The orc barely misses you.
You completely miss the orc. You headbutt the orc.
The orc is heavily wounded.
The orc hits you with a +0 war axe!
* * * LOW HITPOINT WARNING * * *
You block the orc's attack.
You sock the orc!
You kill the orc!
The orc hits you from afar with a +0 trident.
You die...

. ...
.....##########
......oo)@....##
.......o##.....#
......######...#
...... #..##
...... ##.#
........ #.#
.... ...# ##.#
.... ....# #..#
.....##..##


You could see an orc priest and 2 orcs.

Vanquished Creatures
  A hound (D:3)
  Crazy Yiuf (D:3)
  2 orc priests (D:3)
  Terence (D:3)
  4 adders
  A worm (D:2)
  A dart slug (D:1)
  7 orcs
  6 ball pythons
  10 endoplasms
  3 giant cockroaches (D:2)
  4 goblins
  10 hobgoblins
  8 jackals (D:2)
  2 kobolds
  4 quokkas
  5 bats
  5 frilled lizards
75 creatures vanquished.

Vanquished Creatures (others)
  2 plants (D:3)
2 creatures vanquished.

Grand Total: 77 creatures vanquished

Notes
Turn   | Place    | Note
-------+----------+-------------------------------------------
     0 | D:1      | Setbun the Minotaur Fighter began the quest for the Orb.
     0 | D:1      | Reached XP level 1. HP: 19/19 MP: 0/0
    38 | D:1      | Reached skill level 3 in Maces & Flails
   126 | D:1      | Reached XP level 2. HP: 26/26 MP: 1/1
   456 | D:1      | Found a faded altar of an unknown god.
   469 | D:1      | Reached skill level 4 in Maces & Flails
   647 | D:2      | Reached XP level 3. HP: 23/31 MP: 2/2
   666 | D:2      | Identified the +3 spear "Ecengall" {venom, rF+ rCorr MP+9}
   985 | D:2      | Reached skill level 5 in Maces & Flails
  1257 | D:2      | Reached XP level 4. HP: 33/39 MP: 3/3
  1841 | D:3      | Reached skill level 6 in Maces & Flails
  1955 | D:3      | Found a runed translucent door.
  1956 | D:3      | Noticed Crazy Yiuf
  2124 | D:3      | Reached XP level 5. HP: 45/45 MP: 4/4
  2171 | D:3      | Found an ancient bone altar of Kikubaaqudgha.
  2172 | D:3      | Found a blossoming altar of Fedhas.
  2176 | D:3      | Noticed Terence
  2187 | D:3      | Killed Terence
  2486 | D:3      | Reached skill level 7 in Maces & Flails
  3007 | D:3      | Killed Crazy Yiuf
  3188 | D:4      | Found a snail-covered altar of Cheibriados.
  3239 | D:4      | HP: 2/45 [orc priest/divine providence (16)]
  3243 | D:4      | Reached XP level 6. HP: 8/51 MP: 5/5
  3246 | D:4      | HP: 2/51 [orc/+0 war axe (7)]
  3247 | D:4      | Slain by an orc

Illustrated notes

Levels and vault maps discovered:
D:1:      nzn_arrival_water_spiral, layout_basic,
          nicolae_ecumenical_snake_handling
D:2:      wander_river, layout_basic, minmay_stone_trees_small,
          minmay_heptomino_d4
D:3:      layout_loops_cross, grunt_temple_overflow_growth_and_decay,
          uniq_terence, uniq_crazy_yiuf_cottage
D:4:      layout_layer_cave, chei_slow_surprise

Skill      XL: |  1  2  3  4  5 |
---------------+----------------+-----
Maces & Flails | 3 4 5 6 7 |  7.6
Fighting       | |  3.6
Armour         | |  3.6
Shields        | |  3.6

Action                   |  1- 3 |  4- 6 || total
-------------------------+-------+-------++-------
Melee: Flail             |   105 |    80 ||   185
       Headbutt          |     9 |    13 ||    22
  Use: Potion            |       |     2 ||     2
Armor: Scale mail        |    58 |       ||    58
       Plate armour      |    10 |    51 ||    61
       Chain mail        |       |     1 ||     1
Dodge: Dodged            |    87 |    22 ||   109
Block: Buckler           |    29 |    17 ||    46

Table legend: (Time is in decaauts)
 A = Elapsed time spent in this place.
 B = Non-inter-level travel time spent in this place.
 C = Inter-level travel time spent in this place.
 D = Time resting spent in this place.
 E = Time spent auto-exploring this place.
 F = Levels seen in this place.
 G = Mean time per level.
                   A        B        C        D        E       F      G
               +--------+--------+--------+--------+--------+-----+--------+
         Total |   3292 |   3128 |    164 |    808 |   1870 |   4 |  823.0 |
       Dungeon |   3292 |   3128 |    164 |    808 |   1870 |   4 |  823.0 |
               +--------+--------+--------+--------+--------+-----+--------+

Top non-repeatable levels by time:
     D:3: 1455 daAuts
     D:1: 898 daAuts
     D:2: 845 daAuts
     D:4: 92 daAuts
